 Dungeon Crawl Stone Soup version 0.19-a0-1170-g18f0c96 (webtiles) character file.

1255 saintsgambit the Twirler (level 8, -15/70 HPs)
             Began as a Minotaur Gladiator on Aug 16, 2016.
             Was a Follower of Uskayaw.
             Demolished by an orc warrior
             ... wielding a +0 glaive
              (21 damage)
             ... on level 6 of the Dungeon.
             The game lasted 00:14:57 (3104 turns).

saintsgambit the Twirler (Minotaur Gladiator)       Turns: 3104, Time: 00:14:58

Health: -15/70     AC:  8    Str: 21    XL:     8   Next: 26%
Magic:  7/7        EV: 15    Int:  5    God:    Uskayaw [*.....]
Gold:   157        SH:  0    Dex: 12    Spells: 0 memorised, 7 levels left

rFire  . . .     SeeInvis .     a - +0 quarterstaff
rCold  . . .     Gourm    .     b - +0 leather armour
rNeg   . . .     Faith    .     (shield currently unavailable)
rPois  .         Spirit   .     c - +0 hat
rElec  .         Dismiss  .     (no cloak)
rCorr  .         Reflect  .     z - +0 pair of gloves
MR     .....     Harm     .     (no boots)
Stlth  ++........               (no amulet)
                                (no ring)
                                r - +4 ring of protection

@: no status effects
A: retaliatory headbutt, horns 2
a: Stomp, Renounce Religion


You were on level 6 of the Dungeon.
You worshipped Uskayaw.
Uskayaw was noncommittal.
You were not hungry.

You visited 1 branch of the dungeon, and saw 6 of its levels.
You also visited: Ossuary.

You collected 157 gold pieces.

Inventory:

Hand Weapons
 a - a +0 quarterstaff (weapon)
 w - a +0 blowgun
Missiles
 v - 46 poisoned needles
Armour
 b - a +0 leather armour (worn)
 c - a +0 hat (worn)
 h - a +0 plate armour
 p - a +0 scale mail
 y - a +0 chain mail
 z - a +0 pair of gloves (worn)
 G - a +0 large shield
Jewellery
 d - a cursed -5 ring of intelligence {unknown}
 r - a +4 ring of protection (left hand)
Scrolls
 j - 2 scrolls of fear {unknown}
 k - 3 scrolls of teleportation {unknown}
 l - 8 scrolls of identify {unknown}
 n - 2 scrolls of remove curse {unknown}
 o - 3 scrolls of fog {unknown}
 q - 2 scrolls of random uselessness {unknown}
 s - a scroll of recharging {unknown}
 x - a scroll of amnesia {unknown}
 C - a scroll of immolation {unknown}
 E - a scroll of blinking {unknown}
Potions
 e - 2 potions of flight {unknown}
 g - 4 potions of curing
 i - 2 potions of resistance {unknown}
 m - a potion of cure mutation {unknown}
 u - a potion of heal wounds
 A - a potion of degeneration {unknown}
 B - a potion of haste
 D - 2 potions of lignification {unknown}
 F - a potion of mutation {unknown}
 H - a potion of might {unknown}
Comestibles
 f - 4 bread rations
 t - a meat ration


   Skills:
 + Level 6.1 Fighting
 + Level 7.2 Staves
 + Level 2.8 Throwing
 + Level 3.8 Armour
 + Level 6.6 Dodging
 + Level 2.0 Stealth


You had 7 spell levels left.
You didn't know any spells.

Dungeon Overview and Level Annotations

Branches:
Dungeon (6/15)
 Temple: D:4-7

Altars:
Dithmenos
Fedhas
Makhleb
Qazlal
Ru
Sif Muna
Uskayaw
The Shining One


Innate Abilities, Weirdness & Mutations

You reflexively headbutt those who attack you in melee.
You have a pair of horns on your head.


Message History

The orc warrior is moderately wounded.
The orc warrior hits you with a glaive.
* * * LOW HITPOINT WARNING * * *
You barely miss the orc warrior.
The orc warrior is moderately wounded.
You completely miss the orc warrior.
The orc warrior is moderately wounded.
The orc warrior hits you with a glaive!
* * * LOW HITPOINT WARNING * * *
You hear a shout!
You closely miss the orc warrior.
You headbutt the orc warrior, but do no damage.
The orc warrior is moderately wounded.
The orc warrior hits you with a glaive.
* * * LOW HITPOINT WARNING * * *
You hit the orc warrior but do no damage.
You headbutt the orc warrior, but do no damage.
The orc warrior is moderately wounded.
The orc warrior hits you with a glaive!!
You die...

## .. ### ## .. ..
.. o# #. #. ##o#
#.. #. ######@#
##..###. #.....##
........ #.####.#
#. #####... #.#
##.# #.. #.#.
######.#####.#.#
..## #...
...(......<.....#
....###.#.
.#####..#.###.#.##
##...#>## #..#.#
.#....##......#
....#.# ..
...#.......#


You could see an orc warrior and an orc.

Vanquished Creatures
  An orc warrior (D:6)
  A centaur (D:5)
  2 ogres (D:4)
  A giant frog (D:6)
  A scorpion (D:5)
  3 crimson imps (D:5)
  A hound (D:5)
  A centaur skeleton (D:4)
  An orc priest (D:5)
  5 orc wizards
  A giant frog skeleton (D:5)
  Terence (D:2)
  A worker ant (D:4)
  7 big kobold zombies (Ossuary)
  A mummy (Ossuary)
  A howler monkey zombie (D:5)
  4 gnolls (D:4)
  7 adders
  2 shadow imps
  An ooze (D:1)
  An adder skeleton (D:5)
  2 worms
  6 giant geckos
  15 orcs
  2 spectral bats (Ossuary)
  2 giant cockroaches
  8 goblins
  4 hobgoblins
  10 bats
  2 bat simulacra (Ossuary)
  3 giant newts
  5 gnoll zombies (Ossuary)
  9 goblin zombies (Ossuary)
  3 hobgoblin zombies (Ossuary)
  8 kobolds
  3 kobold simulacra (Ossuary)
  2 kobold zombies (Ossuary)
  4 orc zombies (Ossuary)
  A quokka skeleton (D:5)
  A quokka zombie (D:5)
  8 rats
  3 rat simulacra (Ossuary)
  4 spectral goblins (Ossuary)
  A spectral kobold (Ossuary)
  4 spectral rats (Ossuary)
154 creatures vanquished.

Notes
Turn   | Place    | Note
-------+----------+-------------------------------------------
     0 | D:1      | saintsgambit the Minotaur Gladiator began the quest for the Orb.
     0 | D:1      | Reached XP level 1. HP: 18/18 MP: 0/0
   174 | D:1      | Reached XP level 2. HP: 13/25 MP: 1/1
   528 | D:2      | Noticed Terence
   539 | D:2      | Killed Terence
   539 | D:2      | Reached skill level 4 in Staves
   539 | D:2      | Reached XP level 3. HP: 31/31 MP: 2/2
   670 | D:2      | Reached XP level 4. HP: 38/38 MP: 3/3
   684 | D:2      | Found a deep blue altar of Sif Muna.
   830 | D:2      | Found a glowing golden altar of the Shining One.
   996 | D:3      | Reached skill level 1 in Armour
  1031 | D:3      | Found a stormy altar of Qazlal.
  1186 | D:3      | Reached XP level 5. HP: 38/45 MP: 4/4
  1360 | D:3      | Found a hide-covered altar of Uskayaw.
  1376 | D:3      | Became a worshipper of Uskayaw the Reveler
  1499 | D:4      | Reached * piety under Uskayaw
  1506 | D:4      | Reached ** piety under Uskayaw
  1587 | D:4      | Reached skill level 1 in Stealth
  1598 | D:4      | Found a shadowy altar of Dithmenos.
  1714 | D:4      | Noticed an ogre
  1726 | D:4      | Killed an ogre
  1726 | D:4      | Reached skill level 5 in Staves
  1726 | D:4      | Reached XP level 6. HP: 13/52 MP: 5/5
  1726 | D:4      | Reached *** piety under Uskayaw
  1729 | D:4      | Reached **** piety under Uskayaw
  1739 | D:4      | Found a sacrificial altar of Ru.
  1880 | D:4      | Reached skill level 5 in Dodging
  2120 | D:5      | Entered Level 5 of the Dungeon
  2227 | D:5      | Found a sand-covered staircase.
  2232 | Ossuary  | Entered an ossuary
  2376 | Ossuary  | Reached XP level 7. HP: 60/60 MP: 6/6
  2410 | Ossuary  | Reached skill level 5 in Fighting
  2616 | D:5      | Found a blossoming altar of Fedhas.
  2643 | D:5      | Reached skill level 6 in Staves
  2659 | D:5      | Found a burning altar of Makhleb.
  2764 | D:5      | Found a blossoming altar of Fedhas.
  2943 | D:5      | Reached XP level 8. HP: 68/70 MP: 7/7
  2986 | D:6      | Reached skill level 7 in Staves
  3104 | D:6      | Demolished by an orc warrior

Vault maps used:
D:1:      roderic_dead_forest
D:2:      lemuel_doored_altar, nicolae_overflow_hidden_temple, uniq_terence
D:3:      lemuel_coloured_pillars_altar, lemuel_round_altar, first_bread
D:4:      nicolae_ru_path_of_blood, overflow_temple_1_default
D:5:      nicolae_overflow_crystal_walls, bloody_makhleb, minitemple,
          nicolae_ossuary_entry_plus, fedhas_altar_2
D:6:      kennysheep_mini_moat
Ossuary:  ossuary_zaba_two_paths

Skill      XL: |  1  2  3  4  5  6  7  8 |
---------------+-------------------------+-----
Fighting       | 3 4 6 |  6.1
Staves         | 4 5 6 7 |  7.2
Dodging        | 4 5 6 |  6.6
Armour         | 1 3 |  3.8
Stealth        | 1 2 |  2.0
Throwing       | |  2.8

Action                   |  1- 3 |  4- 6 |  7- 9 || total
-------------------------+-------+-------+-------++-------
Melee: Quarterstaff      |    57 |   162 |   163 ||   382
       Headbutt          |     6 |    36 |    34 ||    76
Throw: Throwing net      |     1 |     2 |       ||     3
Invok: Stomp             |       |     1 |     1 ||     2
  Use: Potion            |       |     1 |       ||     1
 Stab: Held in net/web   |     1 |       |       ||     1
       Paralysed         |       |     1 |     5 ||     6
       Sleeping          |       |     1 |       ||     1
  Eat: Bread ration      |       |     1 |     1 ||     2
Armor: Leather armour    |    15 |    37 |    43 ||    95
Dodge: Dodged            |    39 |    94 |   102 ||   235
